 Dungeon Crawl Stone Soup version 0.29-a0-885-gb26ba3297d (webtiles) character file.

Game seed: 10612224859927230175

241 jimonade the Magician (level 6, -3/44 HPs)
             Began as a Gnoll Hedge Wizard on July 21, 2022.
             Killed from afar by Ijyb (8 damage)
             ... with a puff of flame
             ... on level 3 of the Dungeon.
             The game lasted 00:06:22 (4886 turns).

jimonade the Magician (Gnoll Hedge Wizard)          Turns: 4886, Time: 00:06:22

Health: -3/44      AC:  2    Str: 12    XL:     6   Next: 8%
Magic:  5/16       EV: 17    Int: 13    God:
Gold:   58         SH:  0    Dex: 11    Spells: 18/19 levels left

rFire   . . .      SeeInvis .   q - staff of conjuration
rCold   . . .      Faith    .   (no shield)
rNeg    . . .      Spirit   .   b - +0 robe
rPois   .          Reflect  .   c - +0 hat
rElec   .          Harm     .   (no cloak)
rCorr   +          Rampage  .   (no gloves)
Will    .....                   (no boots)
Stlth   +++.......              (no amulet)
HPRegen 0.14/turn               h - +4 ring of evasion
MPRegen 0.15/turn               f - ring of resist corrosion

@: very slightly contaminated
A: fangs 1, strong nose, distributed training
a: no special abilities


You were on level 3 of the Dungeon.
You visited 1 branch of the dungeon, and saw 3 of its levels.
You also visited: Sewer.

You collected 58 gold pieces.

Inventory:

Hand Weapons
 a - a +0 dagger
 e - a +0 short sword
Missiles
 l - 5 atropa-tipped darts
 o - 2 throwing nets
Armour
 b - a +0 robe (worn)
 c - a +0 hat (worn)
 r - a +0 leather armour
Magical Staves
 q - a staff of conjuration (weapon)
Jewellery
 f - a ring of resist corrosion (right hand)
 h - a +4 ring of evasion (left hand)
Wands
 k - a wand of quicksilver (5)
Scrolls
 g - 2 scrolls of identify {unknown}
 j - a scroll of enchant weapon {unknown}
 n - 2 scrolls of teleportation {unknown}
 p - a scroll of summoning {unknown}
 u - a scroll of fear {unknown}
 v - 2 scrolls of noise {unknown}
 w - a scroll of butterflies {unknown}
Potions
 d - a potion of magic
 i - 2 potions of curing {unknown}
 m - a potion of berserk rage {unknown}
 s - a potion of brilliance {unknown}
 t - 2 potions of mutation {unknown}


   Skills:
 + Level 1.8 Fighting
 + Level 1.8 Short Blades
 + Level 1.8 Long Blades
 + Level 1.8 Axes
 + Level 1.8 Maces & Flails
 + Level 1.8 Polearms
 + Level 1.8 Staves
 + Level 1.8 Ranged Weapons
 + Level 1.8 Throwing
 + Level 1.8 Armour
 + Level 4.9 Dodging
 + Level 4.5 Stealth
 + Level 1.8 Shields
 + Level 1.8 Unarmed Combat
 + Level 7.4 Spellcasting
 + Level 2.6 Conjurations
 + Level 1.4 Hexes
 + Level 2.6 Summonings
 + Level 1.4 Necromancy
 + Level 2.6 Translocations
 + Level 1.4 Transmutations
 + Level 1.4 Fire Magic
 + Level 1.4 Ice Magic
 + Level 1.4 Air Magic
 + Level 1.4 Earth Magic
 + Level 1.4 Poison Magic
 + Level 2.0 Invocations
 + Level 1.8 Evocations


You had 18 spell levels left.
You knew the following spells:

 Your Spells              Type           Power      Damage    Failure   Level
a - Magic Dart            Conj           68%        1d6       4%          1

Your spell library contained the following spells:

 Spells                   Type           Power      Damage    Failure   Level
 Summon Small Mammal      Summ           44%        N/A       4%          1
 Blink                    Tloc           22%        N/A       8%          2
 Call Imp                 Summ           11%        N/A       8%          2
 Slow                     Hex            32%        N/A       9%          1
 Call Canine Familiar     Summ           11%        N/A       16%         3
 Conjure Flame            Conj/Fire      15%        6-21      19%         3
 Summon Guardian Golem    Hex/Summ       10%        N/A       19%         3
 Mephitic Cloud           Conj/Pois/Air  14%        N/A       21%         3
 Anguish                  Hex/Necr       4%         N/A       63%         4
 Enfeeble                 Hex            4%         N/A       100%        7


Dungeon Overview and Level Annotations

Branches:
Dungeon (3/15)              Sewer (visited)

Altars:

Annotations:
D:2 1 runed translucent door, Crazy Yiuf
D:3 Ijyb


Innate Abilities, Weirdness & Mutations

You have very sharp teeth.
Your uncanny sense of smell can sniff out nearby items.
Your experience applies equally to all skills.


Message History

The magic dart hits Ijyb but does no damage.
Ijyb is lightly wounded.
Ijyb hits you with a +0 club.
Aiming: Magic Dart (safe; 4% risk of failure)
Press: ? - help, Q - select action, (/) - cycle Shift-Dir - straight line, f/p - Ijyb
Aim: Ijyb, wielding a +0 club, wearing a +0 ring mail and carrying a wand of flame (17) (lightly wounded, 100% to hit)
You feel a surge of power!
The magic dart hits Ijyb but does no damage.
Ijyb is lightly wounded.
Ijyb closely misses you.
Aiming: Magic Dart (safe; 4% risk of failure)
Press: ? - help, Q - select action, (/) - cycle Shift-Dir - straight line, f/p - Ijyb
Aim: Ijyb, wielding a +0 club, wearing a +0 ring mail and carrying a wand of flame (17) (lightly wounded, 100% to hit)
You feel a surge of power!
The magic dart hits Ijyb.
Ijyb is moderately wounded.
Ijyb hits you with a +0 club!
* * * LOW HITPOINT WARNING * * *
Aiming: Magic Dart (safe; 4% risk of failure)
Press: ? - help, Q - select action, (/) - cycle Shift-Dir - straight line, f/p - Ijyb
Aim: Ijyb, wielding a +0 club, wearing a +0 ring mail and carrying a wand of flame (17) (moderately wounded, 100% to hit)
You feel a surge of power!
You miscast Magic Dart.
You are very lightly contaminated with residual magic.
Nothing appears to happen.
Ijyb zaps a wand.
The puff of flame hits you!
* * * LOW HITPOINT WARNING * * *
Aiming: Magic Dart (safe; 4% risk of failure)
Press: ? - help, Q - select action, (/) - cycle Shift-Dir - straight line, f/p - Ijyb
Aim: Ijyb, wielding a +0 club, wearing a +0 ring mail and carrying a wand of flame (16) (moderately wounded, 100% to hit)
You feel a surge of power!
The magic dart hits Ijyb but does no damage.
Ijyb is moderately wounded.
Ijyb misses you.
Aiming: Magic Dart (safe; 4% risk of failure)
Press: ? - help, Q - select action, (/) - cycle Shift-Dir - straight line, f/p - Ijyb
Aim: Ijyb, wielding a +0 club, wearing a +0 ring mail and carrying a wand of flame (16) (moderately wounded, 100% to hit)
You feel a surge of power!
The magic dart hits Ijyb but does no damage.
Ijyb is moderately wounded.
Ijyb zaps a wand.
The puff of flame hits you!
You die...

######## #.g....#
#@# #.# # #
#######.####.##
#...............(
###.#######..<.....
#........÷.##......
##.#######....##.[.
#.#≈≈≈≈≈#.#.......
#.#≈≈.≈≈'.#.......


You could see Ijyb.

Vanquished Creatures
  A scorpion (D:2)
  An orc wizard (D:2)
  5 adders
  5 river rats (Sewer)
  4 orcs (D:2)
  5 ball pythons
  3 endoplasms (D:1)
  4 giant cockroaches
  2 hobgoblins
  3 jackals (D:2)
  5 kobolds
  A quokka (D:1)
  4 bats
  9 frilled lizards
  3 goblins
  13 rats
  A bush (D:2)
69 creatures vanquished.

Notes
Turn   | Place    | Note
-------+----------+-------------------------------------------
     0 | D:1      | jimonade the Gnoll Hedge Wizard began the quest for the
                  | Orb.
     0 | D:1      | Reached XP level 1. HP: 13/13 MP: 8/8
   448 | D:1      | Reached XP level 2. HP: 15/19 MP: 3/10
  1245 | D:2      | Reached XP level 3. HP: 18/25 MP: 5/11
  1416 | D:2      | Found a faded altar of an unknown god.
  1455 | D:2      | Reached skill level 1 in Invocations
  1521 | D:2      | Reached skill level 1 in Fighting
  1521 | D:2      | Reached skill level 1 in Short Blades
  1521 | D:2      | Reached skill level 1 in Long Blades
  1521 | D:2      | Reached skill level 1 in Axes
  1521 | D:2      | Reached skill level 1 in Maces & Flails
  1521 | D:2      | Reached skill level 1 in Polearms
  1521 | D:2      | Reached skill level 1 in Staves
  1521 | D:2      | Reached skill level 1 in Ranged Weapons
  1521 | D:2      | Reached skill level 1 in Throwing
  1521 | D:2      | Reached skill level 1 in Armour
  1521 | D:2      | Reached skill level 1 in Shields
  1521 | D:2      | Reached skill level 1 in Unarmed Combat
  1521 | D:2      | Reached skill level 1 in Evocations
  1836 | D:2      | Reached skill level 1 in Hexes
  1836 | D:2      | Reached skill level 1 in Necromancy
  1836 | D:2      | Reached skill level 1 in Transmutations
  1836 | D:2      | Reached skill level 1 in Fire Magic
  1836 | D:2      | Reached skill level 1 in Ice Magic
  1836 | D:2      | Reached skill level 1 in Air Magic
  1836 | D:2      | Reached skill level 1 in Earth Magic
  1836 | D:2      | Reached skill level 1 in Poison Magic
  1836 | D:2      | Reached XP level 4. HP: 18/32 MP: 0/13
  2345 | D:2      | Noticed a scorpion
  2362 | D:2      | Killed a scorpion
  2363 | D:2      | Reached XP level 5. HP: 25/37 MP: 1/14
  3336 | D:2      | Found a runed translucent door.
  3337 | D:2      | Noticed Crazy Yiuf
  3397 | D:3      | Found a glowing drain.
  3457 | Sewer    | Entered a sewer
  4558 | Sewer    | Reached XP level 6. HP: 44/44 MP: 9/16
  4873 | D:3      | Noticed Ijyb
  4886 | D:3      | Killed from afar by Ijyb

Illustrated notes

Levels and vault maps discovered:
D:1:      saegor_arrival_miasma, layout_loops_corners
D:2:      layout_loops_ring, shapermc_ecumenical_altar_acropolis,
          minmay_misc_feat_tiny, uniq_crazy_yiuf_cottage
D:3:      layout_basic, mainiacjoe_overflow_24_doors, nzn_wu_jian_council_hall,
          gammafunk_ghost_cemetery, gup_sewer_entry_glass,
          minmay_misc_feat_rows, minmay_curled_crystal, minmay_misc_feat_alley,
          grunt_ministairs_7, chequers_serial_rivers_micro_d, roderic_lattice_a,
          uniq_ijyb

Skill      XL: |  1  2  3  4  5 |
---------------+----------------+-----
Conjurations   | 2 |  2.6
Summonings     | 2 |  2.6
Translocations | 2 |  2.6
Invocations    | 1 2 |  2.0
Fighting       | 1 |  1.8
Short Blades   | 1 |  1.8
Long Blades    | 1 |  1.8
Axes           | 1 |  1.8
Maces & Flails | 1 |  1.8
Polearms       | 1 |  1.8
Staves         | 1 |  1.8
Ranged Weapons | 1 |  1.8
Throwing       | 1 |  1.8
Armour         | 1 |  1.8
Shields        | 1 |  1.8
Unarmed Combat | 1 |  1.8
Evocations     | 1 |  1.8
Hexes          | 1 |  1.4
Necromancy     | 1 |  1.4
Transmutations | 1 |  1.4
Fire Magic     | 1 |  1.4
Ice Magic      | 1 |  1.4
Air Magic      | 1 |  1.4
Earth Magic    | 1 |  1.4
Poison Magic   | 1 |  1.4
Dodging        | |  4.9
Stealth        | |  4.5
Spellcasting   | |  7.4

Action                   |  1- 3 |  4- 6 || total
-------------------------+-------+-------++-------
Melee: Dagger            |    11 |   442 ||   453
       Bite              |     1 |   115 ||   116
       Punch             |       |    24 ||    24
       Staff             |       |    13 ||    13
 Cast: Magic Dart        |    88 |   132 ||   220
Armor: Robe              |     7 |     6 ||    13
Dodge: Dodged            |    33 |    63 ||    96

Table legend: (Time is in decaauts)
 A = Elapsed time spent in this place.
 B = Non-inter-level travel time spent in this place.
 C = Inter-level travel time spent in this place.
 D = Time resting spent in this place.
 E = Time spent auto-exploring this place.
 F = Levels seen in this place.
 G = Mean time per level.
                   A        B        C        D        E       F      G
               +--------+--------+--------+--------+--------+-----+--------+
         Total |   4893 |   4766 |    127 |   1034 |   2782 |   4 | 1223.2 |
       Dungeon |   3448 |   3321 |    127 |    361 |   2204 |   3 | 1149.3 |
         Sewer |   1444 |   1444 |      0 |    673 |    577 |   1 | 1444.0 |
               +--------+--------+--------+--------+--------+-----+--------+

Top non-repeatable levels by time:
     D:2: 1966 daAuts
   Sewer: 1444 daAuts
     D:1: 1396 daAuts
     D:3: 86 daAuts
